 Dungeon Crawl Stone Soup version 0.24-a0-769-g368c1644f8 (webtiles) character file.

Game seed: 7211645944190339767, levelgen mode: deterministic

640 Gargoyl the Skirmisher (level 7, 0/59 HPs)
             Began as a Centaur Abyssal Knight on Oct 6, 2019.
             Was a Priest of Lugonu.
             Slain by an iguana (5 damage)
             ... on level 5 of the Dungeon.
             The game lasted 00:07:57 (5521 turns).

Gargoyl the Skirmisher (Centaur Abyssal Knight)     Turns: 5521, Time: 00:07:58

Health: 0/59       AC:  9    Str: 14 (15) XL:     7   Next: 26%
Magic:  10/10      EV:  7    Int: 11      God:    Lugonu [***...]
Gold:   15         SH:  0    Dex: 11 (12) Spells: 6/6 levels left

rFire    . . .     SeeInvis .   a - +2 hand axe
rCold    . . .     Gourm    .   (no shield)
rNeg     . . .     Faith    .   f - +0 scale mail {MR+}
rPois    +         Spirit   .   k - +0 helmet
rElec    .         Reflect  .   i - +0 cloak (curse)
rCorr    .         Harm     .   (no gloves)
MR       +....                  (no barding)
Stlth    ..........             (no amulet)
HPRegen  0.19/turn              b - ring of poison resistance
MPRegen  0.12/turn              (no ring)

@: very quick
A: large, hooves 3, agile 1, deformed body, speed 2, tough skin 3
a: Depart the Abyss, Bend Space, Banish, Renounce Religion


You were on level 5 of the Dungeon.
You worshipped Lugonu.
Lugonu was most pleased with you.
You were near starving.

You visited 1 branch of the dungeon, and saw 5 of its levels.
You visited the Abyss 1 time.

You collected 225 gold pieces.
You spent 210 gold pieces at shops.

Inventory:

Hand Weapons
 a - a +2 hand axe (weapon)
Missiles
 j - 3 javelins (quivered)
Armour
 d - a scarf of cloud immunity
 f - a +0 scale mail of magic resistance (worn)
 i - a cursed +0 cloak (worn)
 k - a +0 helmet (worn)
Jewellery
 b - a ring of poison resistance (left hand)
Wands
 m - a wand of disintegration (10)
Scrolls
 e - 2 scrolls of remove curse {unknown}
 g - 15 scrolls of identify
 l - 2 scrolls of teleportation
Potions
 h - a potion of flight {unknown}
 n - a potion of mutation {unknown}
Comestibles
 c - 9 rations


   Skills:
 + Level 4.1 Fighting
 + Level 3.7 Axes
 * Level 3.5 Armour
 * Level 2.2 Dodging
 * Level 4.1 Invocations
 + Level 0.3 Evocations


You had 6 spell levels left.
You didn't know any spells.
Your spell library was empty.

Dungeon Overview and Level Annotations

Branches:
Dungeon (5/15)             Temple (0/1) D:4

Altars:

Shops:
D:4 [


Innate Abilities, Weirdness & Mutations

You have hooves in place of feet.
Armour fits poorly on your strangely shaped body.
You cover ground very quickly.
You have extremely tough skin. (AC +3)
You are agile. (Dex +2)


Message History

The iguana barely misses you.
You barely miss the iguana.
The iguana is severely wounded.
The iguana bites you!
* * * LOW HITPOINT WARNING * * *
There is a stone staircase leading down here.
Things that are here:
a +0 dagger; a +0 scale mail; a +0 club The iguana bites you.
* * * LOW HITPOINT WARNING * * *
You climb downwards.
There is a stone staircase leading up here.
You hit the iguana.
The iguana is severely wounded.
The iguana bites you.
* * * LOW HITPOINT WARNING * * *
You hit the iguana.
The iguana is almost dead.
The iguana bites you.
You die...

#### #l.#
#@.# ###
#[##.....
#......).
######.##


You could see an iguana.

Vanquished Creatures
  A howler monkey (D:5)
  A crimson imp (D:3)
  A bullfrog skeleton (D:4)
  2 orc priests (D:4)
  A gnoll shaman (D:3)
  Crazy Yiuf (D:2)
  Jessica (D:3)
  An orc wizard (D:5)
  Natasha (thrice) (D:2)
  Robin (D:2)
  8 gnolls
  6 adders
  A worm (D:2)
  5 dart slugs
  3 leopard geckos
  12 orcs
  4 ball pythons
  8 bats
  6 giant cockroaches
  20 goblins
  15 hobgoblins
  2 jackals (D:3)
  10 kobolds
  A quokka (D:4)
  4 frilled lizards
  A quokka skeleton (D:4)
  11 rats
  2 fungi (D:2)
132 creatures vanquished.

Vanquished Creatures (others)
  A worker ant (D:3)
  A fungus (D:4)
2 creatures vanquished.

Grand Total: 134 creatures vanquished

Notes
Turn   | Place    | Note
-------+----------+-------------------------------------------
     0 | Abyss:1  | Gargoyl the Centaur Abyssal Knight began the quest for the
                  | Orb.
     0 | Abyss:1  | Reached XP level 1. HP: 19/19 MP: 2/2
   100 | Abyss:3  | Noticed an insubstantial wisp
   103 | Abyss:3  | Noticed a wight
   106 | Abyss:3  | Noticed a wight
   108 | Abyss:3  | Noticed a wight
   109 | Abyss:3  | Noticed a wight
   111 | Abyss:3  | Noticed a wight
   113 | Abyss:3  | Noticed a neqoxec
   115 | Abyss:3  | Gained mutation: You are agile. (Dex +2) [a neqoxec]
   116 | D:1      | Escaped the Abyss
   288 | D:1      | Reached XP level 2. HP: 24/26 MP: 3/3
   362 | D:1      | You fall into a shaft and drop 1 floor!
   717 | D:1      | Reached * piety under Lugonu
   745 | D:1      | Reached skill level 1 in Dodging
   933 | D:1      | Reached XP level 3. HP: 21/31 MP: 4/4
  1195 | D:2      | Found a faded altar of an unknown god.
  1472 | D:2      | Noticed Robin
  1476 | D:2      | Reached XP level 4. HP: 29/38 MP: 5/5
  1487 | D:2      | Killed Robin
  1690 | D:2      | Reached ** piety under Lugonu
  1854 | D:2      | Noticed Natasha
  1874 | D:2      | Killed Natasha
  1874 | D:2      | Reached XP level 5. HP: 4/46 MP: 7/7
  2415 | D:2      | Found a runed translucent door.
  2416 | D:2      | Noticed Crazy Yiuf
  2493 | D:2      | Noticed Natasha
  2502 | D:2      | Killed Natasha
  2617 | D:2      | Noticed Natasha
  2629 | D:2      | Killed Natasha
  3205 | D:2      | Killed Crazy Yiuf
  3692 | D:3      | Noticed Jessica
  3717 | D:3      | Killed Jessica
  3717 | D:3      | Reached XP level 6. HP: 33/52 MP: 8/8
  4297 | D:4      | Found a staircase to the Ecumenical Temple.
  4305 | D:4      | Reached *** piety under Lugonu
  5108 | D:4      | Found Rimmouli's Antique Armour Shoppe.
  5111 | D:4      | Bought a runed scale mail for 210 gold pieces
  5210 | D:4      | Reached XP level 7. HP: 45/59 MP: 9/9
  5230 | D:5      | Entered Level 5 of the Dungeon
  5521 | D:5      | Slain by an iguana

Levels and vault maps discovered:
D:1:      ebering_trefoil_twist, layout_loops_ring, st_stairs_8,
          palyth_stone_intersect
D:2:      minmay_razor_zed, layout_basic, chequers_ecumenical_altar_simple,
          uniq_natasha, uniq_robin, uniq_crazy_yiuf_cottage
D:3:      layout_loops_ring, first_ration, uniq_jessica
D:4:      layout_rooms, minmay_temple_entry_mist, serial_shops, kennysheep_mini,
          elyvilon_altar_1
D:5:      layout_basic, uniq_menkaure

Skill      XL: |  1  2  3  4  5  6  7 |
---------------+----------------------+-----
Dodging        | 1 2 |  2.2
Axes           | 2 3 |  3.7
Armour         | 2 3 |  3.5
Invocations    | 3 4 |  4.1
Fighting       | 4 |  4.1
Evocations     | |  0.3

Action                   |  1- 3 |  4- 6 |  7- 9 || total
-------------------------+-------+-------+-------++-------
Melee: Hand axe          |   102 |   285 |    33 ||   420
       Kick              |    19 |    49 |     8 ||    76
Throw: Javelin           |       |     5 |       ||     5
Invok: Depart the Abyss  |     1 |       |       ||     1
       Banish            |       |     1 |       ||     1
Evoke: Wand              |       |     2 |       ||     2
  Use: Scroll            |     1 |     4 |       ||     5
       Potion            |     1 |     5 |       ||     6
  Eat: Chunk             |     1 |     7 |       ||     8
       Ration            |       |     1 |       ||     1
Armor: Ring mail         |    72 |   120 |       ||   192
       Scale mail        |       |     6 |    31 ||    37
Dodge: Dodged            |    63 |   110 |    20 ||   193

Table legend:
 A = Non-vault XP
 B = Vault XP
 C = Vault XP percentage of total XP
 D = Non-vault monster count
 E = Vault monster count
 F = Vault count percentage of total count
                 A         B        C        D         E       F
            +---------+---------+-------+---------+---------+-------
      Total |     727 |     188 |  20.5 |     102 |      29 |  22.1
            +---------+---------+-------+---------+---------+-------
        D:1 |      39 |       2 |   4.9 |      21 |       1 |   4.5
        D:2 |     149 |     149 |  50.0 |      25 |      27 |  51.9
        D:3 |     170 |      37 |  17.9 |      28 |       1 |   3.4
        D:4 |     280 |       0 |   0.0 |      26 |       0 |   0.0
        D:5 |      89 |       0 |   0.0 |       2 |       0 |   0.0
            +---------+---------+-------+---------+---------+-------
